 Dungeon Crawl Stone Soup version 0.21.1-1-g345015f (webtiles) character file.

371 nightchill the Sneak (level 6, -2/30 HPs)
             Began as a Vine Stalker Assassin on June 3, 2018.
             Slain by Duvessa
             ... wielding a +0 short sword
              (3 damage)
             ... on level 4 of the Dungeon.
             The game lasted 00:11:16 (2784 turns).

nightchill the Sneak (Vine Stalker Assassin)        Turns: 2784, Time: 00:11:17

Health: -2/30      AC:  4    Str: 13    XL:     6   Next: 70%
Magic:  0/7        EV: 11    Int: 11    God:
Gold:   145        SH:  0    Dex: 18    Spells: 5/5 levels left

rFire    . . .     SeeInvis .   a - +2 dagger
rCold    . . .     Gourm    .   (no shield)
rNeg     . . .     Faith    .   c - +0 robe
rPois    .         Spirit   +   (no helmet)
rElec    .         Reflect  .   d - +0 cloak
rCorr    .         Harm     .   j - +0 pair of gloves
MR       .....                  (no boots)
Stlth    ++........             (no amulet)
HPRegen  0.50/turn              (no ring)
MPRegen  0.10/turn              (no ring)

@: confused
A: fangs 2, regeneration 1, magic shield, antimagic bite, no potion heal 3, rot
immunity
a: no special abilities


You were on level 4 of the Dungeon.
You were hungry.

You visited 1 branch of the dungeon, and saw 4 of its levels.

You collected 145 gold pieces.

Inventory:

Hand Weapons
 a - a +2 dagger (weapon)
 b - a +0 blowgun
Missiles
 e - 16 poisoned needles
 f - 2 curare-tipped needles
 h - 106 stones (quivered)
 y - 40 sling bullets
Armour
 c - a +0 robe (worn)
 d - a +0 cloak (worn)
 j - a +0 pair of gloves (worn)
 r - a +0 shield
 v - a +0 ring mail of magic resistance
Jewellery
 m - a cursed amulet of inaccuracy {unknown}
Wands
 x - a wand of polymorph (19)
Scrolls
 k - a scroll of remove curse {unknown}
 l - 3 scrolls of identify {unknown}
 n - a scroll of enchant armour {unknown}
 o - 3 scrolls of fear {unknown}
 s - a scroll of random uselessness {unknown}
 t - 2 scrolls of teleportation {unknown}
 w - a scroll of amnesia {unknown}
Potions
 p - a potion of flight {unknown}
 q - a potion of haste {unknown}
 z - a potion of curing
Comestibles
 g - 6 rations


   Skills:
 - Level 1.7 Fighting
 * Level 5.2 Short Blades
 - Level 1.7 Throwing
 - Level 0.7 Dodging
 + Level 7.0 Stealth


You had 5 spell levels left.
You didn't know any spells.

Dungeon Overview and Level Annotations

Branches:
Dungeon (4/15)
 Temple: D:4-7

Altars:

Annotations:
D:3 Iko's ghost, weakling VSNe
D:4 Dowan; Duvessa


Innate Abilities, Weirdness & Mutations

You have extremely sharp teeth.
Your natural rate of healing is unusually fast.
When hurt, damage is shared between your health and your magic reserves.
Your bite disrupts and absorbs the magic of your enemies.
Potions cannot restore your health.
You are immune to rotting.


Message History

Duvessa says, "Where magic fails, the sword succeeds!"
Duvessa drinks a potion.
Duvessa is healed!
You miss Duvessa.
Duvessa is severely wounded.
Duvessa hits you with a short sword.
* * * LOW HITPOINT WARNING * * *
Dowan gestures wildly while chanting.
Dowan blinks!
Duvessa hits you with a short sword.
* * * LOW HITPOINT WARNING * * *
You hit Duvessa. You bite Duvessa, but do no damage.
Duvessa is severely wounded.
Dowan casts a spell.
Dowan blinks!
Duvessa gestures with her weapon.
Duvessa hits you with a short sword.
You're too confused to move!
Duvessa hits you but does no damage.
You bump into the rock wall.
Duvessa hits you with a short sword.
* * * LOW HITPOINT WARNING * * *
Duvessa hits you with a short sword.
You die...

.# ###.# ..#.#
#.#.#####
..#..ยง.....
######.#........
#....#.#e.......
#.##.#.#e#.#####
#.##.#.#@#.#
#.##.#.#.#.#
#.##.#.#.#.########
#.#...<............
#.######.#.########
#........#.#
##########.# ..#
###


You could see Duvessa and Dowan.

Vanquished Creatures
  Sigmund (D:2)
  A centaur (D:2)
  Jessica (D:2)
  4 adders
  A worm (D:3)
  5 leopard geckos
  4 orcs (D:3)
  4 ball pythons
  3 giant cockroaches
  4 goblins
  8 hobgoblins
  A quokka (D:2)
  8 bats
  5 frilled lizards
  6 kobolds
  7 rats
63 creatures vanquished.

Notes
Turn   | Place    | Note
-------+----------+-------------------------------------------
     0 | D:1      | nightchill the Vine Stalker Assassin began the quest for the Orb.
     0 | D:1      | Reached XP level 1. HP: 11/11 MP: 2/2
   151 | D:1      | Reached skill level 5 in Stealth
   255 | D:1      | Reached XP level 2. HP: 13/15 MP: 3/3
   906 | D:2      | Reached XP level 3. HP: 18/18 MP: 4/4
  1052 | D:2      | Noticed Jessica
  1107 | D:2      | Killed Jessica
  1107 | D:2      | Gained mutation: Your natural rate of healing is unusually fast. [Vine Stalker growth]
  1107 | D:2      | Reached XP level 4. HP: 18/23 MP: 5/5
  1435 | D:2      | Noticed Sigmund
  1437 | D:2      | Killed Sigmund
  1437 | D:2      | Reached skill level 6 in Stealth
  1437 | D:2      | Reached XP level 5. HP: 26/26 MP: 6/6
  1437 | D:2      | Reached XP level 6. HP: 30/30 MP: 7/7
  1503 | D:2      | Reached skill level 5 in Short Blades
  2584 | D:3      | Reached skill level 7 in Stealth
  2609 | D:3      | Noticed Iko's ghost (weakling VSNe)
  2669 | D:4      | Noticed a phantom
  2747 | D:4      | Noticed Duvessa
  2747 | D:4      | Noticed Dowan
  2776 | D:4      | HP: 1/30 [Duvessa/short sword (3)]
  2781 | D:4      | HP: 1/30 [Duvessa/short sword (1)]
  2784 | D:4      | Slain by Duvessa

Skill      XL: |  1  2  3  4  5  6 |
---------------+-------------------+-----
Short Blades   | 2 3 4 5 |  5.2
Stealth        | 5 6 7 |  7.0
Fighting       | |  1.7
Throwing       | |  1.7
Dodging        | |  0.7

Action                   |  1- 3 |  4- 6 || total
-------------------------+-------+-------++-------
Melee: Dagger            |    54 |   132 ||   186
       Bite              |    12 |    41 ||    53
Throw: Stone             |    13 |     1 ||    14
  Use: Potion            |       |     1 ||     1
 Stab: Sleeping          |     5 |    13 ||    18
  Eat: Chunk             |     1 |     4 ||     5
Armor: Robe              |    25 |    21 ||    46
Dodge: Dodged            |    39 |    45 ||    84
